 Dungeon Crawl Stone Soup version 0.23.2-11-gf996548c65 (webtiles) character file.

Game seed: 13577564874127844437

8717 Nattfarinn the Fighter (level 11, 0/115 HPs)
             Began as a Troll Fighter on June 2, 2019.
             Was a High Priest of Okawaru.
             Slain by Snorg (7 damage)
             ... on level 10 of the Dungeon.
             The game lasted 00:18:18 (9364 turns).

Nattfarinn the Fighter (Troll Fighter)              Turns: 9364, Time: 00:18:20

Health: 0/115      AC:  7    Str: 26    XL:     11   Next: 13%
Magic:  8/10       EV: 19    Int:  8    God:    Okawaru [*****.]
Gold:   501        SH:  0    Dex: 18    Spells: 10/10 levels left

rFire    x . .     SeeInvis .   x - +6 mace "Otiom" {flame, rN+ MP+9 Dex+4}
rCold    + . .     Gourm    +   (no shield)
rNeg     + . .     Faith    .   a - +0 robe
rPois    .         Spirit   .   (helmet restricted)
rElec    .         Reflect  .   i - +0 cloak
rCorr    .         Harm     .   (gloves unavailable)
MR       .....                  (boots unavailable)
Stlth    +++.......             E - amulet of regeneration
HPRegen  1.09/turn              q - ring of Xemp {Ice MP-9 Int+4 Dex+2}
MPRegen  0.12/turn              (no ring)

@: heroism, slowed, very slow
A: large, unfitting armour, claws 3, fast metabolism 3, gourmand, regeneration
1, shaggy fur 1, tough skin 3
a: Heroism, Finesse, Renounce Religion


You were on level 10 of the Dungeon.
You worshipped Okawaru.
Okawaru was extremely pleased with you.
You were completely stuffed.

You visited 2 branches of the dungeon, and saw 11 of its levels.
You also visited: Ossuary.

You collected 501 gold pieces.

Inventory:

Hand Weapons
 x - the +6 mace "Otiom" (weapon) {flame, rN+ MP+9 Dex+4}
   (You took it off an orc warrior on level 7 of the Dungeon)

   It has been specially enchanted to burn those struck by it, causing extra
   injury to most foes and up to half again as much damage against particularly
   susceptible opponents.
   It affects your dexterity (+4).
   It protects you from negative energy.
   It affects your magic capacity (+9).
Armour
 a - a +0 robe (worn)
 i - a +0 cloak (worn)
 p - a +1 large shield
Jewellery
 q - the ring of Xemp (left claw) {Ice MP-9 Int+4 Dex+2}
   (You found it on level 7 of the Dungeon)

   [ring of ice]

   It enhances your ice magic.
   It affects your intelligence (+4).
   It affects your dexterity (+2).
   It makes you vulnerable to fire.
   It protects you from cold.
   It affects your magic capacity (-9).
 E - an amulet of regeneration (around neck)
Wands
 o - a wand of random effects (20)
 t - a wand of enslavement (10)
 I - a wand of acid (5)
 L - a wand of digging (7)
 M - a wand of clouds (4)
Scrolls
 e - 11 scrolls of teleportation {unknown}
 k - 17 scrolls of identify {unknown}
 l - 9 scrolls of remove curse
 n - 3 scrolls of blinking {unknown}
 r - 3 scrolls of enchant armour
 s - a scroll of noise {unknown}
 u - a scroll of vulnerability {unknown}
 v - a scroll of fear
 w - 3 scrolls of amnesia {unknown}
 y - a scroll of summoning {unknown}
 D - a scroll of magic mapping {unknown}
 F - 2 scrolls of fog {unknown}
 G - 2 scrolls of immolation {unknown}
 H - a scroll of torment {unknown}
Potions
 b - a potion of cancellation {unknown}
 c - a potion of might
 f - 3 potions of lignification
 g - a potion of flight
 h - 3 potions of ambrosia
 j - 10 potions of degeneration
 m - 3 potions of heal wounds
 z - 4 potions of haste {unknown}
 A - 2 potions of agility {unknown}
 B - a potion of resistance {unknown}
 C - 3 potions of curing {unknown}
 J - 2 potions of mutation {unknown}
Comestibles
 d - 22 rations
 K - 5 chunks of flesh


   Skills:
 * Level 9.6(14.6) Fighting
 + Level 5.1(10.1) Maces & Flails
 + Level 7.0(12.0) Dodging
 + Level 7.0(12.0) Shields
 - Level 5.4(10.4) Unarmed Combat


You had 10 spell levels left.
You didn't know any spells.
Your spell library contained the following spells:

 Spells                   Type           Power        Failure   Level  Hunger
 Animate Skeleton         Necr           N/A          41%         1    ##.....
 Apportation              Tloc           #.....       41%         1    ##.....
 Confusing Touch          Hex            #.....       41%         1    ##.....
 Summon Small Mammal      Summ           #...         41%         1    ##.....


Dungeon Overview and Level Annotations

Branches:
Dungeon (10/15)            Temple (1/1) D:5            Lair (0/6) D:9
    Orc: D:9-12

Altars:
Ashenzari
Cheibriados
Dithmenos
Elyvilon
Fedhas
Gozag
Hepliaklqana
Kikubaaqudgha
Makhleb
Nemelex Xobeh
Okawaru
Qazlal
Ru
Sif Muna
Trog
Uskayaw
Vehumet
Wu Jian
Xom
Yredelemnul
Zin
The Shining One

Annotations:
D:7 4 runed translucent doors
D:10 Snorg


Innate Abilities, Weirdness & Mutations

You are too large for most types of armour.
You have claws for hands.
Your metabolism is lightning-fast.
You like to eat raw meat.
Your natural rate of healing is unusually fast.
You are covered in fur. (AC +1)
You have extremely tough skin. (AC +3)


Message History

Snorg claws you. Snorg bites you!! Snorg barely misses you.
Snorg completely misses you. Snorg bites you!! Snorg claws you!
Snorg misses you.
You barely miss Snorg. Snorg bites you. Snorg claws you!
* * * LOW HITPOINT WARNING * * *
Snorg barely misses you.
You sock Snorg! You burn Snorg. You claw Snorg.
Snorg is lightly wounded.
Snorg barely misses you. Snorg closely misses you. Snorg barely misses you.
Snorg closely misses you. Snorg claws you.
* * * LOW HITPOINT WARNING * * *
Snorg claws you but does no damage.
As you read the scroll of fear, it crumbles to dust.
You assume a fearsome visage.
Snorg bites you.
* * * LOW HITPOINT WARNING * * *
Snorg closely misses you. Snorg claws you!!
* * * LOW HITPOINT WARNING * * *
Snorg closely misses you. Snorg barely misses you. Snorg closely misses you.
Snorg barely misses you. Snorg claws you!
You die...

≈ #%..## ≈≈ # #..... ≈≈≈
.##....# ## ≈≈≈≈ .......
... ≈≈≈≈≈ #....#
..##≈≈≈≈≈≈≈≈≈ #....# .≈
≈≈≈≈≈≈≈≈≈≈≈
#.##....##.##.#≈≈≈≈≈≈≈≈≈≈
#.....>.@T......≈≈≈≈≈≈≈≈≈
######.######### #≈≈≈≈≈≈≈
#.# #≈≈≈≈≈≈
##.############≈≈≈≈≈≈
#................÷≈≈≈
#..##############.≈≈≈
#..##############.###
#....................
#.#########..........


You could see Snorg (berserk).

Vanquished Creatures
  A two-headed ogre (D:10)
  A hornet (D:9)
  2 trolls
  3 slime creatures (D:10)
  A hippogriff (D:9)
  A spriggan (D:9)
  A wyvern (D:9)
  2 wraiths
  11 yaks
  A water moccasin (D:5)
  3 orc warriors
  An ice beast (D:6)
  2 phantoms
  A black bear (D:10)
  An eye of draining (D:10)
  5 sky beasts
  A necrophage (D:8)
  4 ogres
  2 centaurs
  3 big kobolds
  A wyvern zombie (D:9)
  4 bullfrogs
  A gnoll sergeant (D:8)
  A water moccasin zombie (D:9)
  2 scorpions
  6 electric eels (D:10)
  A howler monkey (D:9)
  A crimson imp (D:5)
  2 human zombies (Ossuary)
  3 jellies
  9 hounds
  Crazy Yiuf (D:6)
  7 orc priests
  A gnoll shaman (D:7)
  8 orc wizards
  2 bullfrog skeletons
  Jessica (D:2)
  2 iguanas
  Natasha (D:2)
  8 worker ants
  A hound skeleton (D:7)
  3 mummies (Ossuary)
  Robin (D:2)
  12 adders
  11 gnolls
  A shadow imp (D:6)
  4 worms
  3 dart slugs
  5 leopard geckos
  24 orcs
  7 giant cockroaches
  17 goblins
  10 hobgoblins
  2 jackals (D:6)
  10 quokkas
  3 ball pythons
  3 bats
  4 frilled lizards
  3 goblin zombies (Ossuary)
  2 hobgoblin zombies (Ossuary)
  16 kobolds
  3 kobold zombies (Ossuary)
  A leopard gecko zombie (D:5)
  An orc zombie (Ossuary)
  2 quokka skeletons
  A quokka zombie (D:8)
  7 rats
  A rat zombie (D:8)
267 creatures vanquished.

Notes
Turn   | Place    | Note
-------+----------+-------------------------------------------
     0 | D:1      | Nattfarinn the Troll Fighter began the quest for the Orb.
     0 | D:1      | Reached XP level 1. HP: 22/22 MP: 0/0
   120 | D:1      | Reached XP level 2. HP: 29/29 MP: 1/1
   698 | D:2      | Reached XP level 3. HP: 36/36 MP: 2/2
   715 | D:2      | Reached skill level 3 in Fighting
   723 | D:2      | Found a bloodstained altar of Trog.
   831 | D:2      | Noticed Jessica
   836 | D:2      | Killed Jessica
   836 | D:2      | Reached XP level 4. HP: 41/45 MP: 3/3
   909 | D:2      | Noticed Natasha
   919 | D:2      | Killed Natasha
   967 | D:2      | Noticed Robin
   985 | D:2      | Killed Robin
   985 | D:2      | Reached XP level 5. HP: 31/53 MP: 4/4
  2225 | D:4      | Reached skill level 4 in Fighting
  2225 | D:4      | Reached XP level 6. HP: 59/62 MP: 5/5
  2902 | D:5      | Entered Level 5 of the Dungeon
  2902 | D:5      | Noticed a sky beast
  2902 | D:5      | Noticed an orc warrior
  2909 | D:5      | Killed an orc warrior
  2909 | D:5      | Reached XP level 7. HP: 57/71 MP: 6/6
  2981 | D:5      | Found a staircase to the Ecumenical Temple.
  2999 | Temple   | Entered the Ecumenical Temple
  3175 | D:5      | Reached skill level 5 in Fighting
  3566 | D:5      | Reached XP level 8. HP: 81/81 MP: 7/7
  3614 | D:5      | Noticed a gargoyle
  3854 | D:6      | Found a glowing golden altar of the Shining One.
  4006 | D:6      | Reached skill level 6 in Fighting
  4006 | D:6      | Reached skill level 5 in Unarmed Combat
  4147 | D:6      | Found a sacrificial altar of Ru.
  4239 | D:6      | Found a runed translucent door.
  4240 | D:6      | Noticed Crazy Yiuf
  4436 | D:6      | Killed Crazy Yiuf
  4599 | D:7      | Found an iron altar of Okawaru.
  4609 | D:7      | Identified the +6 mace "Otiom" {flame, rN+ MP+9 Dex+4}
  4631 | D:7      | Became a worshipper of Warmaster Okawaru
  4940 | D:7      | Found a large runed translucent door.
  4940 | D:7      | Found a large runed translucent door.
  4940 | D:7      | Noticed a six-headed hydra
  4944 | D:7      | Found a large runed translucent door.
  4944 | D:7      | Found a large runed translucent door.
  4989 | D:7      | Reached skill level 5 in Dodging
  5045 | D:7      | Found an ornate altar of the Wu Jian Council.
  5051 | D:7      | Got a pitted marble ring
  5052 | D:7      | Identified the ring of Xemp {Ice MP-9 Int+4 Dex+2} (You
                  | found it on level 7 of the Dungeon)
  5234 | D:7      | Reached skill level 5 in Shields
  5234 | D:7      | Reached XP level 9. HP: 61/92 MP: 8/8
  5248 | D:7      | Reached * piety under Okawaru
  5248 | D:7      | Reached skill level 1 in Maces & Flails
  5388 | D:8      | Found a sand-covered staircase.
  5408 | Ossuary  | Entered an ossuary
  5436 | Ossuary  | Reached skill level 7 in Fighting
  6285 | D:8      | Reached ** piety under Okawaru
  6297 | D:8      | Found a white marble altar of Elyvilon.
  6669 | D:9      | Noticed a troll
  6678 | D:9      | Killed a troll
  6678 | D:9      | Reached skill level 8 in Fighting
  6718 | D:9      | Reached XP level 10. HP: 20/104 MP: 9/9
  6899 | D:9      | Paralysed by a hornet for 2 turns
  6908 | D:9      | Reached *** piety under Okawaru
  6941 | D:9      | Found a staircase to the Lair.
  6994 | D:9      | Found a flagged portal.
  7114 | D:9      | Found a hazy altar of Hepliaklqana.
  7540 | D:10     | Entered Level 10 of the Dungeon
  7961 | D:10     | Reached skill level 9 in Fighting
  7968 | D:10     | Reached **** piety under Okawaru
  8370 | D:10     | Noticed a two-headed ogre
  8379 | D:10     | Killed a two-headed ogre
  8528 | D:10     | Reached XP level 11. HP: 106/115 MP: 10/10
  9019 | D:10     | Reached skill level 5 in Maces & Flails
  9118 | D:10     | Reached ***** piety under Okawaru
  9357 | D:10     | Noticed Snorg
  9364 | D:10     | Slain by Snorg

Skill      XL: |  1  2  3  4  5  6  7  8  9 10 11 |
---------------+----------------------------------+-----
Fighting       | 3 4 5 6 8 9 |  9.6
Shields        | 3 4 5 6 7 |  7.0
Dodging        | 3 4 5 6 7 |  7.0
Unarmed Combat | 3 4 5 |  5.4
Maces & Flails | 3 4 5 |  5.1

Action                   |  1- 3 |  4- 6 |  7- 9 | 10-12 || total
-------------------------+-------+-------+-------+-------++-------
Melee: Unarmed           |    91 |   174 |   186 |       ||   451
       Mace              |       |       |   206 |   252 ||   458
       Punch             |       |       |       |     8 ||     8
Invok: Heroism           |       |       |       |     1 ||     1
  Use: Scroll            |       |       |     3 |     2 ||     5
       Potion            |       |       |     1 |     5 ||     6
 Stab: Distracted        |       |       |       |     1 ||     1
  Eat: Chunk             |    13 |    20 |    36 |    25 ||    94
Armor: Robe              |    24 |    46 |   104 |    41 ||   215
       Skin              |       |       |     2 |    12 ||    14
Dodge: Dodged            |    32 |    33 |   102 |   188 ||   355
Block: Shield            |    29 |    37 |       |       ||    66
       Large shield      |       |    49 |   399 |    47 ||   495
